MID
WISCONSIN TIMBER RATTLERS @ BINGHAMTON METS
07/28/2045
 
TOP OF THE 1ST
Wisconsin Timber Rattlers batting - Pitching for Binghamton Mets : RHP Felipe Hinojosa
Pitching: RHP Felipe Hinojosa
Batting: RHB Carlos Salazar 0-0: Called Strike
0-1: Foul Ball, location: 2F
0-2: Foul Ball, location: 2F
0-2: Fly out, F7 (Line Drive, 7, EV 90.0 MPH)
Batting: RHB Joe LaDue 0-0: Called Strike
0-1: Ball
1-1: Ball
2-1: SINGLE (Line Drive, 4MD, EV 93.8 MPH)
Batting: LHB Gabe Harvey 0-0: Ball
Joe LaDue steals 2nd base
1-0: Swinging Strike
1-1: Fly out, F2 (Popup, 2L, EV 97.5 MPH)
Batting: LHB Paul Collins 0-0: Ball
1-0: Ball
2-0: Called Strike
2-1: Ball
3-1: Base on Balls
Batting: SHB Craig Wright 0-0: Called Strike
0-1: Ball
1-1: Fielders Choice at 2nd, 5-4 (Groundball, 5, EV 86.2 MPH)
Top of the 1st over - 0 runs, 1 hit, 0 errors, 2 left on base; Wisconsin 0 - Binghamton 0
BOTTOM OF THE 1ST
Binghamton Mets batting - Pitching for Wisconsin Timber Rattlers : RHP Zachery Waff
Pitching: RHP Zachery Waff
Batting: LHB Mike Condon 0-0: Called Strike
0-1: Called Strike
0-2: Strikes out swinging
Batting: LHB Bayesa Mundhir 0-0: Ball
1-0: Foul Ball, location: 2F
1-1: Ball
2-1: Foul Ball, location: 2F
2-2: Ball
3-2: Strikes out looking
Batting: RHB Bobby Mabrey 0-0: Ball
1-0: Foul Ball, location: 2F
1-1: Ball
2-1: Ball
3-1: Foul Ball, location: 2F
3-2: Strikes out swinging
Bottom of the 1st over - 0 runs, 0 hits, 0 errors, 0 left on base; Wisconsin 0 - Binghamton 0
TOP OF THE 2ND
Wisconsin Timber Rattlers batting - Pitching for Binghamton Mets : RHP Felipe Hinojosa
Batting: RHB Ben Alspach 0-0: Ball
1-0: Ball
2-0: Ball
3-0: Called Strike
3-1: Foul Ball, location: 2F
3-2: Strikes out swinging
Batting: RHB Jeff Cornett 0-0: Ball
1-0: Foul Ball, location: 2F
1-1: Called Strike
1-2: Ball
2-2: Strikes out swinging
Batting: RHB Tyler Badillo 0-0: Swinging Strike
0-1: Called Strike
0-2: Strikes out swinging
Top of the 2nd over - 0 runs, 0 hits, 0 errors, 0 left on base; Wisconsin 0 - Binghamton 0
BOTTOM OF THE 2ND
Binghamton Mets batting - Pitching for Wisconsin Timber Rattlers : RHP Zachery Waff
Batting: SHB Julio Ramos 0-0: Called Strike
0-1: Foul Ball, location: 2F
0-2: Foul Ball, location: 2F
0-2: Foul Ball, location: 2F
0-2: Ball
1-2: Ball
2-2: Foul Ball, location: 2F
2-2: Strikes out swinging, 2-3 out at first.
Batting: RHB Gang-sheng Chew 0-0: Called Strike
0-1: Swinging Strike
0-2: Ball
1-2: Strikes out looking
Batting: RHB Ben Herman 0-0: Swinging Strike
0-1: Ground out 4-3 (Groundball, 4M, EV 105.6 MPH)
Bottom of the 2nd over - 0 runs, 0 hits, 0 errors, 0 left on base; Wisconsin 0 - Binghamton 0
TOP OF THE 3RD
Wisconsin Timber Rattlers batting - Pitching for Binghamton Mets : RHP Felipe Hinojosa
Batting: RHB Jamie Youngs 0-0: Ball
1-0: Called Strike
1-1: Ball
2-1: Ground out 6-3 (Groundball, 6M, EV 86.2 MPH)
Batting: RHB Carlos Salazar 0-0: Fly out, F7 (Flyball, 7D, EV 107.5 MPH)
Batting: RHB Joe LaDue 0-0: Called Strike
0-1: Swinging Strike
0-2: Strikes out swinging
Top of the 3rd over - 0 runs, 0 hits, 0 errors, 0 left on base; Wisconsin 0 - Binghamton 0
BOTTOM OF THE 3RD
Binghamton Mets batting - Pitching for Wisconsin Timber Rattlers : RHP Zachery Waff
Batting: SHB Jerry Burrows 0-0: Ball
1-0: Foul Ball, location: 2F
1-1: Called Strike
1-2: Ball
2-2: Foul Ball, location: 2F
2-2: Strikes out swinging
Batting: RHB Dave Conde 0-0: Swinging Strike
0-1: Called Strike
0-2: Ball
1-2: Fly out, F9 (Flyball, 9S, EV 86.2 MPH)
Batting: LHB Mike Pesek 0-0: Ball
1-0: Fly out, F7 (Flyball, 7LM, EV 88.1 MPH)
Bottom of the 3rd over - 0 runs, 0 hits, 0 errors, 0 left on base; Wisconsin 0 - Binghamton 0
TOP OF THE 4TH
Wisconsin Timber Rattlers batting - Pitching for Binghamton Mets : RHP Felipe Hinojosa
Batting: LHB Gabe Harvey 0-0: Fly out, F7 (Flyball, 7LD, EV 90.6 MPH)
Batting: LHB Paul Collins 0-0: Ball
1-0: Called Strike
1-1: Ball
2-1: Ground out 4-3 (Groundball, 4M, EV 85.6 MPH)
Batting: SHB Craig Wright 0-0: Ground out 4-3 (Groundball, 34D, EV 108.1 MPH)
Top of the 4th over - 0 runs, 0 hits, 0 errors, 0 left on base; Wisconsin 0 - Binghamton 0
BOTTOM OF THE 4TH
Binghamton Mets batting - Pitching for Wisconsin Timber Rattlers : RHP Zachery Waff
Batting: LHB Mike Condon 0-0: Ball
1-0: Called Strike
1-1: Foul Ball, location: 2F
1-2: Ball
2-2: SINGLE (Groundball, 6MD, EV 97.5 MPH)
Batting: LHB Bayesa Mundhir 0-0: Ball
1-0: Ball
2-0: Ball
3-0: Called Strike
3-1: Base on Balls
Mike Condon to second
Batting: RHB Bobby Mabrey 0-0: Foul Ball, location: 2F
0-1: SINGLE (Groundball, 56D, EV 95.6 MPH)
Mike Condon to third
Bayesa Mundhir to second
Runner from 3rd tries for Home, throw by LF and OUT! 7-2
Batting: SHB Julio Ramos 0-0: Foul Ball, location: 2F
0-1: Ball
1-1: Ball
2-1: Foul Ball, location: 2F
2-2: Fly out, F7 (Flyball, 7D, EV 84.4 MPH)
Runner from 2nd tags up, SAFE at 3rd, no throw by LF
Batting: RHB Gang-sheng Chew 0-0: Called Strike
0-1: Foul Ball, location: 2F
0-2: Ball
1-2: Ball
2-2: Strikes out swinging
Bottom of the 4th over - 0 runs, 2 hits, 0 errors, 2 left on base; Wisconsin 0 - Binghamton 0
TOP OF THE 5TH
Wisconsin Timber Rattlers batting - Pitching for Binghamton Mets : RHP Felipe Hinojosa
Batting: RHB Ben Alspach 0-0: Foul Ball, location: 2F
0-1: Ball
1-1: Ball
2-1: Fly out, F7 (Flyball, 7LS, EV 88.8 MPH)
Batting: RHB Jeff Cornett 0-0: Called Strike
0-1: Ball
1-1: Called Strike
1-2: TRIPLE (Line Drive, 78XD, EV 101.9 MPH)
Batting: RHB Tyler Badillo 0-0: Ball
1-0: Fly out, F4 (Popup, 34S, EV 85.6 MPH)
Batting: RHB Jamie Youngs 0-0: Foul Ball, location: 2F
0-1: Swinging Strike
0-2: Strikes out swinging
Top of the 5th over - 0 runs, 1 hit, 0 errors, 1 left on base; Wisconsin 0 - Binghamton 0
BOTTOM OF THE 5TH
Binghamton Mets batting - Pitching for Wisconsin Timber Rattlers : RHP Zachery Waff
Batting: RHB Ben Herman 0-0: Ball
1-0: Ball
2-0: Foul Ball, location: 2F
2-1: SINGLE (Groundball, 34D, EV 108.8 MPH)
Batting: SHB Jerry Burrows 0-0: Swinging Strike
0-1: Called Strike
0-2: Strikes out swinging
Batting: RHB Dave Conde 0-0: Called Strike
0-1: Ball
1-1: Foul Ball, location: 2F
1-2: Foul Ball, location: 2F
1-2: Ball
2-2: Strikes out swinging
Batting: LHB Mike Pesek 0-0: Called Strike
0-1: Foul Ball, location: 2F
0-2: Ball
1-2: Fly out, F8 (Flyball, 78M, EV 92.5 MPH)
Bottom of the 5th over - 0 runs, 1 hit, 0 errors, 1 left on base; Wisconsin 0 - Binghamton 0
TOP OF THE 6TH
Wisconsin Timber Rattlers batting - Pitching for Binghamton Mets : RHP Felipe Hinojosa
Batting: RHB Carlos Salazar 0-0: Foul Ball, location: 2F
0-1: Foul Ball, location: 2F
0-2: SINGLE (Flyball, 3D, EV 98.1 MPH)
Batting: RHB Joe LaDue 0-0: Fly out, F8 (Flyball, 8LM, EV 94.4 MPH)
Batting: LHB Gabe Harvey 0-0: Ball
Carlos Salazar is caught stealing 2nd base 2-6
1-0: Ball
2-0: Called Strike
2-1: Foul Ball, location: 2F
2-2: Fly out, F9 (Flyball, 89S, EV 86.9 MPH)
Top of the 6th over - 0 runs, 1 hit, 0 errors, 0 left on base; Wisconsin 0 - Binghamton 0
BOTTOM OF THE 6TH
Binghamton Mets batting - Pitching for Wisconsin Timber Rattlers : RHP Zachery Waff
Pitching: RHP Joe Shaw
Batting: LHB Mike Condon 0-0: Ball
1-0: Ground out 4-3 (Groundball, 4, EV 98.8 MPH)
Batting: LHB Bayesa Mundhir 0-0: Called Strike
0-1: DOUBLE (Line Drive, 9LM, EV 110.0 MPH)
Batting: RHB Bobby Mabrey 0-0: Called Strike
0-1: Foul Ball, location: 2F
0-2: Strikes out swinging
Batting: SHB Julio Ramos 0-0: Ball
1-0: Foul Ball, location: 2F
1-1: Swinging Strike
1-2: Ball
2-2: Ground out U3 (Groundball, 34, EV 86.9 MPH)
Bottom of the 6th over - 0 runs, 1 hit, 0 errors, 1 left on base; Wisconsin 0 - Binghamton 0
TOP OF THE 7TH
Wisconsin Timber Rattlers batting - Pitching for Binghamton Mets : RHP Felipe Hinojosa
Batting: LHB Paul Collins 0-0: Fly out, F8 (Flyball, 8LM, EV 92.5 MPH)
Batting: SHB Craig Wright 0-0: Ball
1-0: Foul Ball, location: 2F
1-1: Foul Ball, location: 2F
1-2: Ball
2-2: Strikes out swinging
Batting: RHB Ben Alspach 0-0: Called Strike
0-1: Swinging Strike
0-2: Strikes out looking
Top of the 7th over - 0 runs, 0 hits, 0 errors, 0 left on base; Wisconsin 0 - Binghamton 0
BOTTOM OF THE 7TH
Binghamton Mets batting - Pitching for Wisconsin Timber Rattlers : RHP Joe Shaw
Batting: RHB Gang-sheng Chew 0-0: Ball
1-0: Ground out 5-3 (Groundball, 5L, EV 89.4 MPH)
Batting: RHB Ben Herman 0-0: Foul Ball, location: 2F
0-1: Foul Ball, location: 2F
0-2: Foul Ball, location: 2F
0-2: Foul Ball, location: 2F
0-2: Ball
1-2: Ball
2-2: Strikes out swinging
Batting: SHB Jerry Burrows 0-0: Ground out 4-3 (Groundball, 34D, EV 107.5 MPH)
Bottom of the 7th over - 0 runs, 0 hits, 0 errors, 0 left on base; Wisconsin 0 - Binghamton 0
TOP OF THE 8TH
Wisconsin Timber Rattlers batting - Pitching for Binghamton Mets : RHP Felipe Hinojosa
Batting: RHB Jeff Cornett 0-0: Called Strike
0-1: Ground out 6-3 (Groundball, 6, EV 85.6 MPH)
Batting: RHB Tyler Badillo 0-0: Fly out, F4 (Flyball, 34D, EV 85.6 MPH)
Batting: RHB Jamie Youngs 0-0: Ball
1-0: Ball
2-0: Fly out, F8 (Flyball, 8LD, EV 96.9 MPH)
Top of the 8th over - 0 runs, 0 hits, 0 errors, 0 left on base; Wisconsin 0 - Binghamton 0
BOTTOM OF THE 8TH
Binghamton Mets batting - Pitching for Wisconsin Timber Rattlers : RHP Joe Shaw
Batting: RHB Dave Conde 0-0: Ball
1-0: Swinging Strike
1-1: Ball
2-1: Ball
3-1: DOUBLE (Line Drive, 3D, EV 97.5 MPH)
Batting: LHB Mike Pesek 0-0: Fly out, F4 (Line Drive, 4, EV 71.2 MPH)
Batting: LHB Mike Condon 0-0: Ball
1-0: Foul Ball, location: 2F
1-1: Foul Ball, location: 2F
1-2: Foul Ball, location: 2F
1-2: Ball
2-2: Strikes out looking
Batting: LHB Bayesa Mundhir Pickoff Throw to Second - Out!
Bottom of the 8th over - 0 runs, 1 hit, 0 errors, 0 left on base; Wisconsin 0 - Binghamton 0
TOP OF THE 9TH
Wisconsin Timber Rattlers batting - Pitching for Binghamton Mets : RHP Felipe Hinojosa
Batting: RHB Carlos Salazar 0-0: Ground out 5-3 (Groundball, 56, EV 90.6 MPH)
Batting: RHB Joe LaDue 0-0: Ball
1-0: Foul Ball, location: 2F
1-1: Foul Ball, location: 2F
1-2: Ball
2-2: Ball
3-2: Foul Ball, location: 2F
3-2: SINGLE (Groundball, 6MD, EV 96.2 MPH)
Batting: LHB Gabe Harvey 0-0: Called Strike
0-1: Swinging Strike
Joe LaDue steals 2nd base
0-2: Ball
1-2: Ball
2-2: Ball
3-2: Foul Ball, location: 2F
3-2: Strikes out looking
Batting: LHB Paul Collins 0-0: Ball
1-0: Foul Ball, location: 2F
1-1: Foul Ball, location: 2F
1-2: Fly out, F8 (Flyball, 8LM, EV 85.6 MPH)
Top of the 9th over - 0 runs, 1 hit, 0 errors, 1 left on base; Wisconsin 0 - Binghamton 0
BOTTOM OF THE 9TH
Binghamton Mets batting - Pitching for Wisconsin Timber Rattlers : RHP Joe Shaw
Pitching: LHP Juan Gonzalez
Pinch Hitting: SHB Tadaaki Kondo 0-0: Called Strike
0-1: Fly out, F8 (Line Drive, 8RD, EV 87.5 MPH)
Pitching: LHP Brian Rich
Batting: RHB Bobby Mabrey 0-0: Swinging Strike
0-1: Ball
1-1: Called Strike
1-2: Foul Ball, location: 2F
1-2: Ball
2-2: Ball
3-2: Foul Ball, location: 2F
3-2: Foul Ball, location: 2F
3-2: Strikes out looking
Pinch Hitting: RHB David Stayton 0-0: Ball
1-0: Called Strike
1-1: Ball
2-1: Ground out 5-3 (Groundball, 56S, EV 86.9 MPH)
Bottom of the 9th over - 0 runs, 0 hits, 0 errors, 0 left on base; Wisconsin 0 - Binghamton 0
TOP OF THE 10TH
Wisconsin Timber Rattlers batting - Pitching for Binghamton Mets : RHP Felipe Hinojosa
Pitching: RHP Jason Vulich
Now at 1B: Adam Barry
Now in LF: Javy Cavazos
Batting: SHB Craig Wright 0-0: Called Strike
0-1: Ball
1-1: Ground out 1-3 (Groundball, 15, EV 65.6 MPH)
Batting: RHB Ben Alspach 0-0: Ground out 1-3 (Groundball, P, EV 65.6 MPH)
Batting: RHB Jeff Cornett 0-0: Called Strike
0-1: Swinging Strike
0-2: Ball
1-2: Strikes out swinging
Top of the 10th over - 0 runs, 0 hits, 0 errors, 0 left on base; Wisconsin 0 - Binghamton 0
BOTTOM OF THE 10TH
Binghamton Mets batting - Pitching for Wisconsin Timber Rattlers : LHP Brian Rich
Pitching: RHP Nick Garland
Batting: RHB Gang-sheng Chew 0-0: Ball
1-0: Ball
2-0: Foul Ball, location: 2F
2-1: Foul Ball, location: 2F
2-2: Foul Ball, location: 2F
2-2: Ball
3-2: Strikes out swinging
Batting: RHB Ben Herman 0-0: Ball
1-0: Called Strike
1-1: Swinging Strike
1-2: Foul Ball, location: 2F
1-2: Foul Ball, location: 2F
1-2: SINGLE (Line Drive, 9S, EV 106.2 MPH)
Batting: SHB Jerry Burrows 0-0: Fly out, F7 (Flyball, 7LM, EV 80.6 MPH)
Batting: RHB Dave Conde 0-0: Foul Ball, location: 2F
0-1: Swinging Strike
0-2: Strikes out swinging
Bottom of the 10th over - 0 runs, 1 hit, 0 errors, 1 left on base; Wisconsin 0 - Binghamton 0
TOP OF THE 11TH
Wisconsin Timber Rattlers batting - Pitching for Binghamton Mets : RHP Jason Vulich
Batting: RHB Tyler Badillo 0-0: Ball
1-0: Ball
2-0: Ground out 1-3 (Groundball, 15S, EV 70.0 MPH)
Batting: RHB Jamie Youngs 0-0: SINGLE (Groundball, 6MD, EV 100.6 MPH)
Batting: RHB Carlos Salazar 0-0: Ball
1-0: Ball
2-0: Called Strike
2-1: Ball
3-1: Base on Balls
Jamie Youngs to second
Pinch Runner at 2nd Dave Bateman:
Batting: RHB Joe LaDue 0-0: Called Strike
0-1: Called Strike
Dave Bateman steals 3rd base
Carlos Salazar to second
0-2: Ball
1-2: SINGLE (Groundball, 4, EV 108.1 MPH)
Dave Bateman scores
Carlos Salazar to third
Batting: LHB Gabe Harvey 0-0: Ball
1-0: Called Strike
1-1: Ball
2-1: Called Strike
2-2: Strikes out swinging
Joe LaDue is caught stealing 2nd base 2-6
Batter strikes out.
Top of the 11th over - 1 run, 2 hits, 0 errors, 1 left on base; Wisconsin 1 - Binghamton 0
BOTTOM OF THE 11TH
Binghamton Mets batting - Pitching for Wisconsin Timber Rattlers : RHP Nick Garland
Now at C: Dave Bateman
Pinch Hitting: RHB Lorenzo Vasquez 0-0: Ball
1-0: Fly out, F9 (Flyball, 89D, EV 101.9 MPH)
Batting: LHB Mike Condon 0-0: Called Strike
0-1: Ball
1-1: Swinging Strike
1-2: Foul Ball, location: 2F
1-2: Ground out U3 (Groundball, 3S, EV 81.9 MPH)
Batting: LHB Adam Barry 0-0: Called Strike
0-1: Foul Ball, location: 2F
0-2: Fly out, F8 (Line Drive, 8RM, EV 96.9 MPH)
Bottom of the 11th over - 0 runs, 0 hits, 0 errors, 0 left on base; Wisconsin 1 - Binghamton 0
Wednesday, June 22nd , 2022 - OOTP Baseball 23.4 Build 64